[Event "ICC tourney 2708 (25 5)"]
[Site "Internet Chess Club"]
[Date "2021.10.16"]
[Round "5"]
[White "NALAMALPU, ASHIKA REDDY:AshikaN"]
[Black "BHEEMAVARAPU, SREEKAR:K09-16737643"]
[Result "0-1"]
[ICCResult "White checkmated"]
[WhiteElo "885"]
[BlackElo "1111"]
[Opening "Giuoco Piano"]
[ECO "C54"]
[NIC "IG.02"]
[Time "17:01:04"]
[TimeControl "1500+5"]

1. e4 e5 2. Nf3 Nc6 3. Bc4 Bc5 4. c3 Nf6 5. d3 O-O 6. b4 Bb6 7. Bg5 h6 8.
Bh4 d6 9. a4 a5 10. b5 Ne7 11. Nbd2 Ng6 12. Bg3 Bg4 13. h3 Bh5 14. Nb3 d5
15. exd5 Nxd5 16. Bxd5 Qxd5 17. c4 Bxf3 18. cxd5 Bxd1 19. Rxd1 Rad8 20. d4
Rxd5 21. dxe5 Rxd1+ 22. Kxd1 Re8 23. f4 Rd8+ 24. Ke2 Re8 25. Kf3 Rd8 26. Nc1
Rd4 27. Ne2 Rxa4 28. Nc3 Ra3 29. Rc1 Bd4 30. Be1 Kf8 31. Ke4 Bxc3 32. Bxc3
Ke7 33. Bd4 Kd7 34. f5 Ne7 35. f6 gxf6 36. exf6 Ng6 37. Rd1 Ra4 38. g3 Ke6
39. h4 Ra3 40. h5 Nf8 41. Bc5 Ra4+ 42. Bd4 Nd7 43. Ke3 Nxf6 44. Bxf6 Kxf6
45. Rd7 Rb4 46. Rd5 a4 47. Kd3 Rb3+ 48. Kc2 Rxg3 49. Kb2 Rg5 50. Rd4 Rxb5+
51. Ka3 Rxh5 52. Kxa4 Rh1 53. Rf4+ Kg5 54. Rxf7 Ra1+ 55. Kb3 Rc1 56. Kb2 Rc6
57. Kb3 Kg6 58. Rf3 h5 59. Rg3+ Kh6 60. Rh3 Rb6+ 61. Kc4 Rc6+ 62. Kb5 Rb6+
63. Kc5 Rc6+ 64. Kb5 Rd6 65. Rc3 h4 66. Rh3 Kh5 67. Kc5 Kg4 68. Rh1 h3 69.
Rg1+ Kh4 70. Rh1 Kg3 71. Rxh3+ Kxh3 72. Kb5 Kg3 73. Kc5 Kf3 74. Kb5 Ke4 75.
Kc5 Ke5 76. Kb5 Kd5 77. Kb4 Rc6 78. Kb5 Rb6+ 79. Ka5 Kc4 80. Ka4 Ra6#
{White checkmated}
0-1

[Event "ICC tourney 2708 (25 5)"]
[Site "Internet Chess Club"]
[Date "2021.10.16"]
[Round "5"]
[White "AMBROSE FOSTER, JACK:K06-16314407"]
[Black "KANTEM, SAMANVI:samanvikantem"]
[Result "1-0"]
[ICCResult "Black checkmated"]
[WhiteElo "1039"]
[BlackElo "929"]
[Opening "Nimzovich-Larsen attack: modern variation"]
[ECO "A01"]
[NIC "VO.08"]
[Time "17:00:12"]
[TimeControl "1500+5"]

1. b3 e5 2. Bb2 Nc6 3. e3 d5 4. Bb5 Bd6 5. Nf3 Bg4 6. Bxc6+ bxc6 7. h3 Bxf3
8. Qxf3 Nf6 9. Nc3 O-O 10. O-O-O e4 11. Qe2 Qe7 12. Kb1 a5 13. g4 h6 14. h4
Nh7 15. f3 exf3 16. Qxf3 Qe6 17. Rdg1 Qe7 18. g5 hxg5 19. hxg5 Qe6 20. Qh5
Qg6 21. Qh4 Be7 22. Ne2 Rfb8 23. Nf4 Qf5 24. Rh2 a4 25. Rgh1 Kf8 26. Qxh7
Qxh7 27. Rxh7 Bd6 28. Rxg7 a3 29. Ba1 c5 30. Rh8+ Ke7 31. Rxb8 Rxb8 32. Bf6+
Kf8 33. Nxd5 c6 34. Rh7 Ke8 35. Rh8+ Kd7 36. Rxb8 Bxb8 37. Nf4 Kd6 38. c4
Kd7 39. Kc2 Ke8 40. Kd3 Kf8 41. Ke4 Kg8 42. Kf5 Kh7 43. Be5 Bxe5 44. Kxe5
Kg7 45. Kd6 f6 46. gxf6+ Kxf6 47. Kxc6 Ke5 48. Kxc5 Ke4 49. Kb4 Kf5 50. c5
Ke5 51. Kb5 Kf6 52. Ng6 Ke6 53. Kc6 Kf7 54. Nf8 Kxf8 55. Kd7 Kf7 56. c6 Kf6
57. c7 Ke5 58. c8=Q Kd5 59. Qc6+ Ke5 60. d4+ Kf5 61. e4+ Kf4 62. Qf6+ Kxe4
63. Qe5+ Kd3 64. Kc6 Kc3 65. Kc5 Kc2 66. Qe3 Kb2 67. Qd2+ Kb1 68. Kc4 Ka1
69. Qc1+ Kxa2 70. Qc2+ Ka1 71. Qc3+ Ka2 72. b4 Kb1 73. Qxa3 Kc2 74. Qc3+ Kb1
75. Qd2 Ka1 76. Kb3 Kb1 77. Qb2# {Black checkmated} 1-0